 Dungeon Crawl Stone Soup version 0.18.1-48-g4cf74bf (webtiles) character file.

306 Qew7 the Grave Robber (level 6, 0/43 HPs)
             Began as a Mummy Necromancer on Aug 20, 2016.
             Slain by tschems's ghost (10 damage)
             ... on level 4 of the Dungeon.
             The game lasted 00:36:04 (4133 turns).

Qew7 the Grave Robber (Mummy Necromancer)           Turns: 4133, Time: 00:36:05

Health: 0/43       AC:  3    Str: 12    XL:     6   Next: 16%
Magic:  11/11      EV: 12    Int: 16    God:
Gold:   188        SH:  0    Dex: 12    Spells: 4 memorised, 3 levels left

rFire  . . .     SeeInvis .     f - +0 flail
rCold  + . .     Gourm    .     j - +0 leather armour
rNeg   + + +     Faith    .     (no shield)
rPois  ∞         Spirit   .     m - +0 hat
rElec  .         Dismiss  .     (no cloak)
rCorr  .         Reflect  .     (no gloves)
SustAt +         Harm     .     (no boots)
MR     .....                    (no amulet)
Stlth  ++........               i - ring of sustain attributes
                                g - ring of protection from fire

@: not resistant to hostile enchantments, unstealthy
A: no food or potions, fire vulnerability, cold resistance 1, negative energy
resistance 3, torment resistance, unbreathing
a: no special abilities


You were on level 4 of the Dungeon.
You were not hungry.

You visited 1 branch of the dungeon, and saw 4 of its levels.

You collected 188 gold pieces.

Inventory:

Hand Weapons
 f - a +0 flail (weapon)
 k - a +0 morningstar
 l - a +0 mace
Armour
 a - a +0 robe
 j - a +0 leather armour (worn)
 m - a +0 hat (worn)
Jewellery
 g - a ring of protection from fire (left hand)
 i - a ring of sustain attributes (right hand)
Scrolls
 c - a scroll of remove curse {unknown}
 d - a scroll of magic mapping {unknown}
 e - 2 scrolls of fog
 h - 2 scrolls of teleportation {unknown}
 n - a scroll of identify {unknown}
Books
 b - a book of Necromancy

   Spells                             Type                      Level
   a - Pain                           Necromancy                   1
   b - Animate Skeleton               Necromancy                   1
   c - Vampiric Draining              Necromancy                   3
   d - Regeneration                   Charms/Necromancy            3
   e - Animate Dead                   Necromancy                   4
   f - Control Undead                 Necromancy                   4


   Skills:
 + Level 1.3 Fighting
 + Level 0.5 Maces & Flails
 + Level 1.1 Armour
 + Level 2.2 Dodging
 + Level 2.1 Stealth
 + Level 3.8 Spellcasting
 + Level 5.3 Necromancy


You had 3 spell levels left.
You knew the following spells:

 Your Spells              Type           Power        Failure   Level  Hunger
a - Pain                  Necr           ###.         2%          1    N/A
b - Animate Skeleton      Necr           N/A          2%          1    N/A
c - Vampiric Draining     Necr           ###.......   10%         3    N/A
d - Animate Dead          Necr           N/A          28%         4    N/A

Dungeon Overview and Level Annotations

Branches:
Dungeon (4/15)
 Temple: D:4-7

Altars:

Annotations:
D:4 tschems's ghost, amateur HuBe


Innate Abilities, Weirdness & Mutations

You do not eat or drink.
Your flesh is vulnerable to fire.
You are immune to poison.
Your flesh is cold resistant.
You are immune to negative energy.
You are immune to unholy pain and torment.
You can survive without breathing.


Message History

You hit tschems's ghost.
Tschems's ghost is lightly damaged.
Tschems's ghost hits you. x2
You closely miss tschems's ghost. Tschems's ghost closely misses you.
You barely miss tschems's ghost. Tschems's ghost hits you. x2
* * * LOW HITPOINT WARNING * * *
You hit tschems's ghost.
Tschems's ghost is lightly damaged.
Tschems's ghost hits you.
* * * LOW HITPOINT WARNING * * *
Casting: Vampiric Draining
Confirm with . or Enter, or press ? or * to list all spells.
Aiming: Vampiric Draining
Press: ? - help, Shift-Dir - straight line, f/p - tschems's ghost
Aim: tschems's ghost (lightly damaged)
You can't drain life from that!
There is an open door here.
Found a scroll labeled LIAROA RUDAZA.
Tschems's ghost hits you!
You die...

##### #
##...##
.##..@..#
........W.##
.#.##?.....#
#.....#####.#
#.#..........
#.##..#####.#
#.....#
####'## ###
##...## ..#


You could see tschems's ghost.

Vanquished Creatures
  A scorpion (D:4)
  2 orc priests (D:3)
  An iguana (D:4)
  Ijyb (D:2)
  7 adders
  2 worms (D:2)
  2 dart slugs
  4 giant geckos
  4 orcs
  5 ball pythons
  5 giant cockroaches
  6 goblins
  8 hobgoblins
  8 bats
  8 giant newts
  7 kobolds
  8 rats
79 creatures vanquished.

Vanquished Creatures (collateral kills)
  An orc (D:3)
1 creature vanquished.

Grand Total: 80 creatures vanquished

Notes
Turn   | Place    | Note
--------------------------------------------------------------
     0 | D:1      | Qew7 the Mummy Necromancer began the quest for the Orb.
     0 | D:1      | Reached XP level 1. HP: 13/13 MP: 3/3
   121 | D:1      | Reached XP level 2. HP: 2/19 MP: 0/5
  1397 | D:2      | Reached XP level 3. HP: 24/24 MP: 4/6
  2048 | D:2      | Noticed Ijyb
  2063 | D:2      | Killed Ijyb
  2063 | D:2      | Reached XP level 4. HP: 18/31 MP: 1/8
  2489 | D:2      | Reached skill level 1 in Fighting
  2721 | D:3      | Reached skill level 5 in Necromancy
  2721 | D:3      | Reached XP level 5. HP: 25/37 MP: 1/9
  2724 | D:3      | Learned a level 1 spell: Animate Skeleton
  2760 | D:3      | Learned a level 3 spell: Vampiric Draining
  2803 | D:3      | HP: 1/37 [giant gecko (4)]
  3022 | D:3      | Learned a level 4 spell: Animate Dead
  3859 | D:4      | Reached skill level 1 in Armour
  3859 | D:4      | Reached XP level 6. HP: 7/43 MP: 9/11
  4108 | D:4      | Noticed tschems's ghost (amateur HuBe)
  4133 | D:4      | Slain by tschems's ghost

Skill      XL: |  1  2  3  4  5 |
---------------+----------------+-----
Dodging        | 2 |  2.2
Spellcasting   | 3 |  3.8
Fighting       | 1 |  1.3
Necromancy     | 5 |  5.3
Armour         | 1 |  1.1
Stealth        | 2 |  2.1
Maces & Flails | |  0.5

Action                   |  1- 3 |  4- 6 || total
-------------------------+-------+-------++-------
Melee: Unarmed           |    45 |       ||    45
       Flail             |    47 |    86 ||   133
 Cast: Pain              |    79 |    43 ||   122
       Animate Dead      |       |     5 ||     5
       Vampiric Draining |       |     3 ||     3
       Animate Skeleton  |       |     1 ||     1
  Use: Scroll            |     1 |       ||     1
 Stab: Sleeping          |       |     1 ||     1
Armor: Robe              |    40 |     3 ||    43
       Leather armour    |       |    24 ||    24
Dodge: Dodged            |    95 |    78 ||   173
